 Dungeon Crawl Stone Soup version 0.25-a0-292-gaa31f046c4 (webtiles) character file.

Game seed: 10329926453821204711, levelgen mode: deterministic

960 Luthien the Conjurer (level 7, -1/36 HPs)
             Began as a Deep Elf Conjurer on Dec 15, 2019.
             Shot with an arrow by a centaur (7 damage)
             ... on level 5 of the Dungeon.
             The game lasted 00:20:49 (5766 turns).

Luthien the Conjurer (Deep Elf Conjurer)            Turns: 5766, Time: 00:20:49

Health: -1/36      AC:  4    Str:  5    XL:     7   Next: 92%
Magic:  3/18       EV: 13    Int: 22    God:
Gold:   206        SH:  0    Dex: 15    Spells: 7/18 levels left

rFire    . . .     SeeInvis .   m - +0 short sword (flame)
rCold    . . .     Gourm    .   (no shield)
rNeg     . . .     Faith    .   a - +0 robe
rPois    .         Spirit   .   z - +0 helmet
rElec    .         Reflect  .   (no cloak)
rCorr    .         Harm     .   l - +0 pair of gloves
MR       .....                  (no boots)
Stlth    +++.......             (no amulet)
HPRegen  0.12/turn              (no ring)
MPRegen  0.16/turn              (no ring)

@: very slightly contaminated
A: no striking features
a: no special abilities


You were on level 5 of the Dungeon.
You were not hungry.

You visited 1 branch of the dungeon, and saw 5 of its levels.

You collected 206 gold pieces.

Inventory:

Hand Weapons
 i - a +0 dagger
 m - a +0 short sword of flaming (weapon)
 t - a +0 hunting sling
Missiles
 o - 8 sling bullets
 u - 110 stones (quivered)
 x - 78 arrows
 y - 2 throwing nets
Armour
 a - a +0 robe (worn)
 l - a +0 pair of gloves (worn)
 v - a +0 helmet
 z - a +0 helmet (worn)
Scrolls
 b - 5 scrolls of remove curse {unknown}
 d - 2 scrolls of enchant weapon {unknown}
 f - 7 scrolls of identify {unknown}
 h - a scroll of enchant armour {unknown}
 k - a scroll of noise {unknown}
 n - 6 scrolls of teleportation {unknown}
 q - 2 scrolls of magic mapping {unknown}
 r - 2 scrolls of amnesia {unknown}
 C - a scroll of blinking {unknown}
 D - a scroll of random uselessness {unknown}
Potions
 e - a potion of magic {unknown}
 g - 3 potions of lignification {unknown}
 j - 2 potions of agility {unknown}
 s - 3 potions of curing {unknown}
 w - a potion of flight {unknown}
 A - a potion of heal wounds {unknown}
 B - a potion of degeneration {unknown}
 E - a potion of brilliance {unknown}
Comestibles
 c - 6 rations


   Skills:
 - Level 3.0 Dodging
 + Level 6.1 Stealth
 + Level 6.3 Spellcasting
 + Level 6.4 Conjurations
 + Level 4.3 Hexes
 + Level 3.5 Translocations


You had 7 spell levels left.
You knew the following spells:

 Your Spells              Type           Power        Failure   Level  Hunger
a - Magic Dart            Conj           ####         1%          1    None
b - Searing Ray           Conj           #####.       1%          2    None
A - Fulminant Prism       Conj/Hex       ####......   10%         4    ###....
B - Iskenderun's Mystic   Conj/Tloc      ####....     11%         4    ###....

Your spell library contained the following spells:

 Spells                   Type           Power        Failure   Level  Hunger
 Dazzling Flash           Conj/Hex       ####..       3%          3    #......


Dungeon Overview and Level Annotations

Branches:
Dungeon (5/15)
 Temple: D:4-7

Altars:
Ru


Message History

The centaur shoots an arrow.
The arrow hits you!
You see here an arrow.
Unknown command.
Throwing (i - inventory. (/) - cycle)
p - a boomerang of dispersal
Press: ? - help, Shift-Dir - straight line, f - centaur
Aim: a centaur, wielding a +0 shortbow and quivering 16 arrows (moderately wounded)
You throw a boomerang of dispersal.
The boomerang of dispersal hits the centaur.
The centaur blinks!
The centaur is moderately wounded.
Casting: Fulminant Prism (safe; 10% risk of failure)
Confirm with . or Enter, or press ? or * to list all spells.
Aiming: Fulminant Prism (safe; 10% risk of failure)
Press: ? - help, Dir - move target cursor, p - centaur You conjure a prism of explosive energy!
A fulminant prism comes into view.
The centaur shoots an arrow.
The arrow hits you!
* * * LOW HITPOINT WARNING * * *
The centaur shoots an arrow.
The arrow hits you!
You die...

#.#####..........#
#.......##.#...#.#
#.########.##.##.#
..# #.#####.# ###
#.# #.# #.# #.#
#.# #.# #.# #.#
##@# ##(†#####
#(....>...
#*(####### #((#
#c.....c#
#######.# #.# #.#


You could see a centaur and a friendly fulminant prism.

Vanquished Creatures
  A necrophage (D:5)
  2 ogres (D:4)
  A jelly (D:4)
  A centaur zombie (D:5)
  4 orc priests
  A bullfrog skeleton (D:5)
  An iguana (D:4)
  4 orc wizards
  2 worker ants (D:5)
  Robin (D:2)
  4 gnolls (D:4)
  8 adders
  A shadow imp (D:5)
  An ooze (D:2)
  3 dart slugs (D:1)
  4 leopard geckos
  23 orcs
  9 bats
  8 giant cockroaches
  6 hobgoblins
  7 jackals (D:2)
  4 quokkas
  3 ball pythons
  5 frilled lizards
  18 goblins
  8 kobolds
  A leopard gecko skeleton (D:5)
  8 rats
139 creatures vanquished.

Vanquished Creatures (others)
  A fulminant prism (D:5)
1 creature vanquished.

Grand Total: 140 creatures vanquished

Notes
Turn   | Place    | Note
-------+----------+-------------------------------------------
     0 | D:1      | Luthien the Deep Elf Conjurer began the quest for the Orb.
     0 | D:1      | Reached XP level 1. HP: 10/10 MP: 6/6
   237 | D:1      | Reached XP level 2. HP: 15/15 MP: 6/8
   243 | D:1      | Learned a level 2 spell: Searing Ray
   725 | D:1      | Reached XP level 3. HP: 17/19 MP: 7/10
  1212 | D:2      | Found a sacrificial altar of Ru.
  1659 | D:2      | Reached skill level 5 in Conjurations
  1659 | D:2      | Reached XP level 4. HP: 15/24 MP: 8/12
  1953 | D:2      | Learned a level 4 spell: Fulminant Prism
  1958 | D:2      | Learned a level 4 spell: Iskenderun's Mystic Blast
  1973 | D:2      | Noticed Robin
  1978 | D:2      | Killed Robin
  2728 | D:3      | Reached skill level 1 in Hexes
  2884 | D:3      | Reached XP level 5. HP: 28/28 MP: 9/13
  2999 | D:3      | Reached skill level 1 in Translocations
  3835 | D:4      | Reached XP level 6. HP: 32/32 MP: 8/15
  3937 | D:4      | Reached skill level 5 in Spellcasting
  4204 | D:4      | Reached skill level 5 in Stealth
  4425 | D:4      | Reached XP level 7. HP: 36/36 MP: 7/17
  5293 | D:5      | Entered Level 5 of the Dungeon
  5766 | D:5      | Shot with an arrow by a centaur

Levels and vault maps discovered:
D:1:      dpeg_arrival_tiny_j, layout_basic, minmay_bisected
D:2:      mumra_celtic_spiral_tile, layout_basic, old_standard_altar,
          first_ration, uniq_robin
D:3:      layout_basic, minivault_27
D:4:      layout_loops_corners
D:5:      layout_loops_ring, uniq_edmund

Skill      XL: |  1  2  3  4  5  6  7 |
---------------+----------------------+-----
Stealth        | 3 4 5 6 |  6.1
Dodging        | 3 |  3.0
Spellcasting   | 4 5 6 |  6.3
Conjurations   | 5 6 |  6.4
Hexes          | 1 2 3 4 |  4.3
Translocations | 1 2 3 |  3.5

Action                   |  1- 3 |  4- 6 |  7- 9 || total
-------------------------+-------+-------+-------++-------
Melee: Short sword       |       |     2 |       ||     2
Throw: Boomerang         |       |       |     1 ||     1
 Cast: Magic Dart        |    67 |    65 |    27 ||   159
       Searing Ray       |     8 |    36 |    17 ||    61
       Fulminant Prism   |       |       |     2 ||     2
  Eat: Chunk             |     2 |     9 |     4 ||    15
Armor: Robe              |       |     3 |       ||     3
Dodge: Dodged            |     2 |    11 |     7 ||    20

Table legend:
 A = Non-vault XP
 B = Vault XP
 C = Vault XP percentage of total XP
 D = Non-vault monster count
 E = Vault monster count
 F = Vault count percentage of total count
                 A         B        C        D         E       F
            +---------+---------+-------+---------+---------+-------
      Total |    1338 |      34 |   2.5 |     128 |      11 |   7.9
            +---------+---------+-------+---------+---------+-------
        D:1 |      50 |       5 |   9.1 |      26 |       3 |  10.3
        D:2 |      73 |      29 |  28.4 |      27 |       8 |  22.9
        D:3 |     216 |       0 |   0.0 |      32 |       0 |   0.0
        D:4 |     650 |       0 |   0.0 |      30 |       0 |   0.0
        D:5 |     349 |       0 |   0.0 |      13 |       0 |   0.0
            +---------+---------+-------+---------+---------+-------
